 Dungeon Crawl Stone Soup version 0.30-a0-23-ge60ba3568b (webtiles) character file.

Game seed: 3497909622902466836

315 SensoryNuts the Cudgeller (level 6, -2/59 HPs)
             Began as a Troll Fighter on Aug 25, 2022.
             Killed by divine providence
             ... invoked by an orc priest
              (17 damage)
             ... on level 4 of the Dungeon.
             The game lasted 00:03:54 (2549 turns).

SensoryNuts the Cudgeller (Troll Fighter)           Turns: 2549, Time: 00:03:55

Health: -2/59      AC:  4    Str: 27    XL:     6   Next: 20%
Magic:  5/5        EV:  9    Int:  4    God:
Gold:   257        SH:  7    Dex:  9    Spells: 5/5 levels left

rFire   . . .      SeeInvis .    a - +0 flail
rCold   . . .      Faith    .    c - +0 kite shield
rNeg    . . .      Spirit   .    b - +0 robe
rPois   .          Reflect  .    (helmet restricted)
rElec   .          Harm     .    (no cloak)
rCorr   .          Rampage  .    (gloves unavailable)
Will    .....                    (boots unavailable)
Stlth   +.........               (no amulet)
HPRegen 0.99/turn                (no ring)
MPRegen 0.09/turn                (no ring)

@: no status effects
A: large, unfitting armour, claws 3, regeneration 1, shaggy fur 1, tough skin 1
a: no special abilities


You were on level 4 of the Dungeon.
You visited 1 branch of the dungeon, and saw 4 of its levels.

You collected 257 gold pieces.

Inventory:

Hand Weapons
 a - a +0 flail (weapon)
Armour
 b - a +0 robe (worn)
 c - a +0 kite shield (worn)
Scrolls
 f - a scroll of blinking
 g - a scroll of amnesia
Potions
 d - a potion of might
 e - 2 potions of curing
 h - a potion of flight
 j - 3 potions of brilliance


   Skills:
 + Level 2.9 Fighting
 * Level 4.4 Maces & Flails
 + Level 3.4 Dodging
 + Level 3.4 Shields


You had 5 spell levels left.
You didn't know any spells.
Your spell library was empty.

Dungeon Overview and Level Annotations

Branches:
Dungeon (4/15)
 Temple: D:4-7

Altars:


Innate Abilities, Weirdness & Mutations

You are too large for most types of armour.
You have claws for hands.
Your natural rate of healing is unusually fast.
You are covered in fur. (AC +1)
You have tough skin. (AC +1)


Message History

You closely miss the orc priest.
The orc priest is lightly wounded.
The orc priest mumbles some strange prayers to Beogh against you.
Beogh smites you! The orc hits you with a +0 whip.
You are too injured to fight recklessly!
You are too injured to fight recklessly!
You are too injured to fight recklessly!
You are too injured to fight recklessly!
You are too injured to fight recklessly!
You are too injured to fight recklessly!
You are too injured to fight recklessly!
You are too injured to fight recklessly!
You are too injured to fight recklessly!
You are too injured to fight recklessly!
You are too injured to fight recklessly!
You are too injured to fight recklessly!
You are too injured to fight recklessly!
You are too injured to fight recklessly!
You are too injured to fight recklessly!
You are too injured to fight recklessly!
You are too injured to fight recklessly!
You are too injured to fight recklessly!
Unknown command.
You are too injured to fight recklessly!
You are too injured to fight recklessly!
You are too injured to fight recklessly!
You block the orc's attack.
The orc priest attacks as you move away!
You block the orc priest's attack.
The orc priest attacks as you move away!
The orc priest hits you with a +0 flail.
The orc priest calls down the wrath of Beogh upon you.
Beogh smites you!
* * * LOW HITPOINT WARNING * * *
The orc attacks as you move away! The orc barely misses you.
The orc attacks as you move away! The orc hits you with a +0 hand axe.
* * * LOW HITPOINT WARNING * * *
The orc priest calls down the wrath of Beogh upon you.
Beogh smites you!
You die...

##.....#......#
##.............## ..##
#...............#....#
#...............#....#
#...............#...#
#..................# .
#...$.............# ..
##.........o......##...
<.........#..o.o@........
...##########....#...###
.. ####.)...#..### .
.......#.....#######.
###........##.(......
#.###....##.##....#
...................# #.
#.#####.#..##....# . #
#>...## ####


You could see an orc priest and 2 orcs.

Vanquished Creatures
  Sigmund (D:3)
  A jelly (D:4)
  Terence (D:3)
  3 adders
  5 worms
  A dart slug (D:3)
  An orc (D:3)
  4 endoplasms
  8 giant cockroaches
  8 goblins
  2 hobgoblins
  5 kobolds
  2 quokkas
  3 ball pythons
  4 bats
  5 frilled lizards
  2 rats (D:2)
56 creatures vanquished.

Notes
Turn   | Place    | Note
-------+----------+-------------------------------------------
     0 | D:1      | SensoryNuts the Troll Fighter began the quest for the Orb.
     0 | D:1      | Reached XP level 1. HP: 22/22 MP: 0/0
   194 | D:1      | Reached skill level 2 in Maces & Flails
   194 | D:1      | Reached XP level 2. HP: 29/29 MP: 1/1
   847 | D:2      | Reached XP level 3. HP: 36/36 MP: 2/2
  1488 | D:3      | Reached XP level 4. HP: 44/44 MP: 3/3
  1622 | D:3      | Reached skill level 3 in Maces & Flails
  1711 | D:3      | Noticed Terence
  1719 | D:3      | Killed Terence
  1958 | D:3      | Noticed Sigmund
  1971 | D:3      | Killed Sigmund
  1972 | D:3      | Reached skill level 4 in Maces & Flails
  1972 | D:3      | Reached XP level 5. HP: 46/52 MP: 4/4
  1972 | D:3      | Reached XP level 6. HP: 53/59 MP: 5/5
  2549 | D:4      | Killed from afar by an orc priest

Illustrated notes

Levels and vault maps discovered:
D:1:      dpeg_arrival_signposts, layout_loops_ring
D:2:      layout_basic, minmay_small_reverse_x
D:3:      minmay_skewed_foursquare, layout_loops_corners,
          minmay_misc_feat_square, minmay_crystal_room,
          kennysheep_generic_room_4, uniq_sigmund, uniq_terence
D:4:      layout_rooms, general_overflow_altar, minivault_19

Skill      XL: |  1  2  3  4 |
---------------+-------------+-----
Maces & Flails | 2 4 |  4.4
Shields        | 3 |  3.4
Dodging        | 3 |  3.4
Fighting       | |  2.9

Action                   |  1- 3 |  4- 6 || total
-------------------------+-------+-------++-------
Melee: Flail             |   108 |    90 ||   198
  Use: Potion            |     4 |     2 ||     6
       Scroll            |     3 |     2 ||     5
Armor: Robe              |    36 |    30 ||    66
Dodge: Dodged            |    41 |    33 ||    74
Block: Kite shield       |    37 |    40 ||    77

Table legend: (Time is in decaauts)
 A = Elapsed time spent in this place.
 B = Non-inter-level travel time spent in this place.
 C = Inter-level travel time spent in this place.
 D = Time resting spent in this place.
 E = Time spent auto-exploring this place.
 F = Levels seen in this place.
 G = Mean time per level.
                   A        B        C        D        E       F      G
               +--------+--------+--------+--------+--------+-----+--------+
         Total |   2627 |   2469 |    158 |      0 |   1924 |   4 |  656.8 |
       Dungeon |   2627 |   2469 |    158 |      0 |   1924 |   4 |  656.8 |
               +--------+--------+--------+--------+--------+-----+--------+

Top non-repeatable levels by time:
     D:3: 1022 daAuts
     D:1: 811 daAuts
     D:2: 684 daAuts
     D:4: 109 daAuts
